 Dungeon Crawl Stone Soup version 0.31-a0-187-gba352fbbf7 (webtiles) character file.

Game seed: 12007959253755844411

206 qw the Skirmisher (level 5, -12/30 HPs)
             Began as a Deep Elf Hunter on June 22, 2023.
             Mangled by an orc warrior
             ... wielding a +1 dire flail of protection
              (16 damage)
             ... on level 4 of the Dungeon.
             The game lasted 00:00:48 (2449 turns).

qw the Skirmisher (Deep Elf Hunter)                 Turns: 2449, Time: 00:00:49

Health: -12/30     AC:  8    Str: 10    XL:     5   Next: 53%
Magic:  7/7        EV: 11    Int: 14    God:
Gold:   215        SH:  0    Dex: 18    Spells: 4/4 levels left

rFire   . . .        c - +5 shortbow (heavy)
rCold   . . .        (shield currently unavailable)
rNeg    . . .        n - +0 ring mail
rPois   .            (no helmet)
rElec   .            g - +2 cloak
rCorr   +            (no gloves)
SInv    .            (no boots)
Will    .....        (no amulet)
Stlth   +            k - ring of resist corrosion
HPRegen 0.25/turn    (no ring)
MPRegen 0.10/turn

%: no passive effects
@: no status effects
A: no striking features
a: no special abilities


You were on level 4 of the Dungeon.
You visited 1 branch of the dungeon, and saw 4 of its levels.

You collected 215 gold pieces.


   Skills:
 + Level 1.6 Fighting
 - Level 9.0 Ranged Weapons
 - Level 2.4 Dodging
 - Level 1.2 Stealth


You had 4 spell levels left.
You didn't know any spells.
Your spell library was empty.

Inventory:

Hand Weapons
 c - a +5 heavy shortbow (weapon)
Armour
 g - a +2 cloak (worn)
 n - a +0 ring mail (worn)
Jewellery
 b - a ring of fire
 h - a ring of ice
 k - a ring of resist corrosion (left hand)
 o - an amulet of regeneration
Scrolls
 a - a scroll of identify
 e - a scroll of teleportation
Potions
 d - a potion of heal wounds
 f - a potion of enlightenment
 i - 3 potions of curing
 j - a potion of degeneration {unknown}
 l - a potion of lignification {unknown}
 m - a potion of haste {unknown}

Dungeon Overview and Level Annotations

Branches:
Dungeon (4/15)
 Temple: D:4-7

Altars:
Nemelex Xobeh
Sif Muna
Vehumet
Xom
Yredelemnul


Message History

Enter note:
Enter note: You shoot an arrow.
The arrow hits the orc wizard.
The orc wizard is lightly wounded.
You shoot an arrow. The arrow hits the orc wizard!
You kill the orc wizard!
A dart slug comes into view.
Your Ranged Weapons skill increases to level 9!
You shoot an arrow. The arrow hits the dart slug!
The dart slug is severely wounded.
You shoot an arrow. The arrow hits the orc!
You kill the orc!
You shoot an arrow. The arrow hits the dart slug.
You kill the dart slug!
Items here: %% ) [.
Enter note:
Enter note:
o - an amulet of regeneration;
i - 3 potions of curing (gained 2)
Things that are here:
a +0 dagger; a +0 robe An orc warrior comes into view.
It is wielding a +1 dire flail of protection and wearing a +0 chain mail of poison resistance.
Enter note:
Enter note: You shoot an arrow.
The orc warrior shouts!
The arrow hits the orc warrior but does no damage.
An orc comes into view. It is wielding a +0 short sword.
You shoot an arrow. The arrow hits the orc warrior!
The orc warrior is moderately wounded.
You shoot an arrow.
The arrow closely misses the orc warrior.
The orc warrior hits you with a +1 dire flail of protection!
You shoot an arrow.
The arrow barely misses the orc warrior.
The arrow closely misses the orc.
The orc warrior hits you with a +1 dire flail of protection!
Ouch! That really hurt!
The orc warrior hits you with a +1 dire flail of protection!
Ouch! That really hurt!
You die...

##......##)#...#
#
#.....###.###....
# #....## ._.
#.... # #..%##
..... #%.# #
#..## ...... #..
# #..# .......(
.. + #.)# ...###
######..#####...
........@o......
......##.o#...#.
...... .......#
......'.......#
......#..##...#
......#..# ...#
..... #... ..+ ..
#... ..#


You could see an orc warrior and an orc.

Vanquished Creatures
  An orc wizard (D:4)
  5 gnolls
  5 adders
  4 dart slugs
  8 orcs
  2 bats
  6 endoplasms
  7 giant cockroaches
  3 goblins
  7 hobgoblins
  3 quokkas
  8 ball pythons
  4 frilled lizards
  9 kobolds
  3 rats
75 creatures vanquished.

Notes
Turn   | Place    | Note
-------+----------+-------------------------------------------
     0 | D:1      | qw the Deep Elf Hunter began the quest for the Orb.
     0 | D:1      | Reached XP level 1. HP: 12/12 MP: 3/3
     0 | D:1      | 0 ||| qw: Version: 0.3-a-9-g12657ce
     0 | D:1      | 0 ||| qw: Game counter: 2183
     0 | D:1      | 0 ||| qw: Always use a shield: true
     0 | D:1      | 0 ||| qw: God list: Okawaru
     0 | D:1      | 0 ||| qw: Allow faded altars: false
     0 | D:1      | 0 ||| qw: Do Orc after D:15 true
     0 | D:1      | 0 ||| qw: Do second Lair branch before Depths: true
     0 | D:1      | 0 ||| qw: Lair rune preference: random
     0 | D:1      | 0 ||| qw: Plans: Normal
     0 | D:1      | 0 ||| PLANNING D:1-11
   250 | D:1      | Found a faded altar of an unknown god.
   260 | D:1      | Reached XP level 2. HP: 16/16 MP: 4/4
   272 | D:1      | Reached skill level 6 in Ranged Weapons
   418 | D:1      | Reached XP level 3. HP: 20/20 MP: 5/5
   744 | D:1      | 744 ||| UPGRADING to +1 cloak.
   749 | D:1      | 749 ||| UPGRADING to ring of resist corrosion.
   750 | D:1      | 750 ||| READING scroll labelled JAF QYLUADWIGGIUR.
   751 | D:1      | 751 ||| READING scroll labelled JANTUVV WUKAQO.
   752 | D:1      | 752 ||| READING scroll labelled ZEUSUF DAO.
   753 | D:1      | 753 ||| READING scroll labelled QAWNILUGA.
   754 | D:1      | 754 ||| READING scroll labelled NYGUCV LUENE.
   755 | D:1      | 755 ||| DROPPING scroll of butterflies.
  1024 | D:2      | Reached skill level 7 in Ranged Weapons
  1514 | D:2      | Reached XP level 4. HP: 25/25 MP: 6/6
  1515 | D:2      | 1515 ||| UPGRADING to +0 ring mail.
  1525 | D:2      | 1525 ||| DROPPING +0 leather armour.
  1526 | D:2      | 1526 ||| DROPPING ring of flight.
  1527 | D:2      | 1527 ||| READING scroll labelled ZANECW LASUPN.
  1528 | D:2      | 1528 ||| READING 2 scrolls labelled ZIT JUJESTY.
  1528 | D:2      | Identified 2 scrolls of acquirement
  1528 | D:2      | 1528 ||| ACQUIRING +5 heavy shortbow
  1528 | D:2      | Acquired a +5 heavy shortbow
  1529 | D:2      | 1529 ||| READING scroll of acquirement.
  1529 | D:2      | 1529 ||| ACQUIRING ring of fire
  1529 | D:2      | Acquired a ring of fire
  1531 | D:2      | 1531 ||| SWAPPING to +5 heavy shortbow.
  1532 | D:2      | 1532 ||| DROPPING +0 shortbow of draining.
  1533 | D:2      | 1533 ||| READING scroll labelled VOOFUMECAE.
  1537 | D:2      | 1537 ||| READING 3 scrolls of identify.
  1537 | D:2      | 1537 ||| IDENTIFYING bubbling amethyst potion
  1538 | D:2      | 1538 ||| READING 2 scrolls of identify.
  1538 | D:2      | 1538 ||| IDENTIFYING blue potion
  1751 | D:3      | Found a radiant altar of Vehumet.
  1754 | D:3      | Found a basalt altar of Yredelemnul.
  2039 | D:3      | Found a sparkling altar of Nemelex Xobeh.
  2041 | D:3      | Found a shimmering blue altar of Sif Muna.
  2200 | D:3      | 2200 ||| READING 2 scrolls of identify.
  2200 | D:3      | 2200 ||| IDENTIFYING murky puce potion
  2231 | D:4      | Reached skill level 8 in Ranged Weapons
  2262 | D:4      | 2262 ||| READING scroll of enchant armour.
  2262 | D:4      | 2262 ||| ENCHANTING +1 cloak.
  2282 | D:4      | Reached XP level 5. HP: 21/29 MP: 7/7
  2401 | D:4      | Found a shimmering altar of Xom.
  2438 | D:4      | Reached skill level 9 in Ranged Weapons
  2445 | D:4      | Noticed an orc warrior
  2449 | D:4      | HP: 4/30 [orc warrior/+1 dire flail of protection (17)]
  2449 | D:4      | Mangled by an orc warrior

Levels and vault maps discovered:
D:1:      lemuel_arrival_cross, layout_basic, shapermc_ecumenical_altar_venn,
          minmay_nonomino_d4
D:2:      layout_basic
D:3:      layout_basic, nicolae_overflow_hidden_temple
D:4:      layout_gridville, mainiacjoe_overflow_paths, minmay_ruined_shrine

Skill      XL: |  1  2  3  4  5 |
---------------+----------------+-----
Ranged Weapons | 6 7 8 9 |  9.0
Fighting       | |  1.6
Dodging        | |  2.4
Stealth        | |  1.2

Action                     |  1- 3 |  4- 6 || total
---------------------------+-------+-------++-------
   Fire: Shortbow          |    94 |    65 ||   159
    Use: Scroll            |     5 |     8 ||    13
 Armour: Leather armour    |     3 |       ||     3
         Ring mail         |       |    10 ||    10
  Dodge: Dodged            |    14 |    13 ||    27

Table legend:
 A = Non-vault XP
 B = Vault XP
 C = Vault XP percentage of total XP
 D = Non-vault monster count
 E = Vault monster count
 F = Vault count percentage of total count
                 A         B        C        D         E       F
            +---------+---------+-------+---------+---------+-------
      Total |     246 |      49 |  16.6 |      62 |      13 |  17.3
            +---------+---------+-------+---------+---------+-------
        D:1 |      42 |      10 |  19.2 |      17 |       5 |  22.7
        D:2 |      52 |       0 |   0.0 |      18 |       0 |   0.0
        D:3 |      33 |       0 |   0.0 |      15 |       0 |   0.0
        D:4 |     119 |      39 |  24.7 |      12 |       8 |  40.0
            +---------+---------+-------+---------+---------+-------
